 Dungeon Crawl Stone Soup version 0.20.1-1-g8b1a95d (webtiles) character file.

120 Monsterracer the Vandal (level 5, -2/35 HPs)
             Began as a Halfling Arcane Marksman on Aug 18, 2017.
             Was a Follower of Dithmenos.
             Slain by a wyvern (13 damage)
             ... on level 3 of the Dungeon.
             The game lasted 00:11:05 (3691 turns).

Monsterracer the Vandal (Halfling Arcane Marksman)  Turns: 3691, Time: 00:11:05

Health: -2/35      AC:  8    Str: 11    XL:     5   Next: 25%
Magic:  6/6        EV: 13    Int: 11    God:    Dithmenos [*.....]
Gold:   97         SH:  0    Dex: 18    Spells: 5/6 levels left

rFire    . . .     SeeInvis .   b - +2 dagger (venom)
rCold    . . .     Gourm    .   (shield restricted)
rNeg     . . .     Faith    .   m - +0 ring mail
rPois    .         Spirit   .   r - +2 helmet
rElec    .         Reflect  .   (no cloak)
rCorr    .         Harm     .   (no gloves)
MR       .....                  (no boots)
Stlth    +++.......             (no amulet)
Regen    0.2/turn               u - ring of stealth
MPRegen  0.1/turn               x - +2 ring of dexterity

@: wreathed by umbra
A: mutation resistance 1
a: Renounce Religion


You were on level 3 of the Dungeon.
You worshipped Dithmenos.
Dithmenos was aware of your devotion.
You were hungry.

You visited 1 branch of the dungeon, and saw 3 of its levels.

You collected 97 gold pieces.

Inventory:

Hand Weapons
 a - a +0 hunting sling
 b - a +2 dagger of venom (weapon)
Missiles
 d - 56 sling bullets
 i - 129 stones (quivered)
Armour
 m - a +0 ring mail (worn)
 r - a +2 helmet (worn)
Jewellery
 u - a ring of stealth (left hand)
 x - a +2 ring of dexterity (right hand)
Wands
 t - a wand of lightning (6/15)
 v - a wand of lightning (11/15)
Scrolls
 e - 2 scrolls of remove curse
 j - a scroll of recharging
 n - a scroll of enchant weapon {unknown}
 s - a scroll of magic mapping {unknown}
 y - a scroll of fog {unknown}
 z - a scroll of fear {unknown}
Potions
 h - 2 potions of curing
 k - 2 potions of heal wounds
 o - 3 potions of flight {unknown}
 q - a potion of brilliance {unknown}
Books
 c - a book of Debilitation

   Spells                             Type                      Level
   a - Corona                         Hexes                        1
   b - Slow                           Hexes                        2
   c - Inner Flame                    Hexes/Fire                   3
   d - Portal Projectile              Hexes/Translocation          3
   e - Cause Fear                     Hexes                        4
   f - Leda's Liquefaction            Hexes/Earth                  4
Comestibles
 f - 4 bread rations
 p - a meat ration


   Skills:
 + Level 2.4 Fighting
 * Level 2.6 Short Blades
 * Level 4.8 Slings
 - Level 2.1 Dodging
 + Level 1.0 Stealth
 - Level 1.0 Spellcasting
 - Level 2.4 Hexes


You had 5 spell levels left.
You knew the following spells:

 Your Spells              Type           Power        Failure   Level  Hunger
a - Corona                Hex            #......      28%         1    ##.....


Dungeon Overview and Level Annotations

Branches:
Dungeon (3/15)

Altars:
Dithmenos
Fedhas
Kikubaaqudgha


Innate Abilities, Weirdness & Mutations

You are small and have problems with some larger weapons.
You are somewhat resistant to further mutation.


Message History

b - a +2 dagger of venom (weapon)
The wyvern hisses angrily.
The wyvern bites you! The wyvern barely misses you.
Huge Dmg: -40%(-14hp) hp: 60%(21hp)
Your +2 dagger of venom stops dripping with poison.
a - a +0 hunting sling (weapon)
The wyvern bites you.
Damage: -8%(-3hp) hp: 52%(18hp)
Your +2 dagger of venom begins to drip with poison!
b - a +2 dagger of venom (weapon)
You hit the wyvern.
The wyvern is poisoned.
The wyvern is lightly wounded.
The wyvern bites you!
* * * LOW HITPOINT WARNING * * *
Huge Dmg: -23%(-8hp) hp: 32%(11hp)
As you read the scroll labeled AMUUVA TUTT, it crumbles to dust.
It is a scroll of enchant armour.
Your +1 helmet glows green for a moment.
The wyvern bites you!
You die...

##.#.........
.............
#.#.####.#.#.
#.#)####.#.#.
#.#.#........
#.#.#....#.## #
#.#.#.##.#.##
#####.######.#.#.##.#.##
......l@................
#####.#####.............
.. ................. ##
#########.##)####
#.##.#### #.##.##..
#<....... ####.#### #.#
#


You could see a wyvern.

Vanquished Creatures
  Natasha (D:2)
  Robin (D:3)
  2 adders (D:2)
  2 worms
  A leopard gecko (D:3)
  7 giant cockroaches
  11 hobgoblins
  A ball python (D:2)
  4 bats
  3 frilled lizards
  13 goblins
  6 kobolds
  5 rats
57 creatures vanquished.

Notes
Turn   | Place    | Note
-------+----------+-------------------------------------------
     0 | D:1      | Monsterracer the Halfling Arcane Marksman began the quest for the Orb.
     0 | D:1      | Reached XP level 1. HP: 12/12 MP: 2/2
   112 | D:1      | Reached skill level 1 in Fighting
   359 | D:1      | HP: 6/13 [hobgoblin/club (2)]
   360 | D:1      | Reached XP level 2. HP: 8/18 MP: 3/3
   646 | D:1      | HP: 9/18 [giant cockroach (1)]
  1244 | D:1      | Reached skill level 4 in Slings
  1244 | D:1      | Reached XP level 3. HP: 20/24 MP: 4/4
  2244 | D:2      | Found a shadowy altar of Dithmenos.
  2268 | D:2      | Became a worshipper of Dithmenos the Shadowed
  2498 | D:2      | Reached skill level 1 in Short Blades
  2645 | D:2      | Reached XP level 4. HP: 29/29 MP: 5/5
  2810 | D:2      | Found a blossoming altar of Fedhas.
  2861 | D:2      | Noticed Natasha
  2888 | D:2      | Killed Natasha
  3243 | D:3      | Found an ancient bone altar of Kikubaaqudgha.
  3274 | D:3      | Reached XP level 5. HP: 30/34 MP: 6/6
  3306 | D:3      | Noticed Robin
  3393 | D:2      | Reached * piety under Dithmenos
  3521 | D:3      | Killed Robin
  3521 | D:3      | Reached skill level 1 in Stealth
  3681 | D:3      | Noticed a wyvern
  3690 | D:3      | HP: 11/35 [wyvern (8)]
  3691 | D:3      | Slain by a wyvern

Skill      XL: |  1  2  3  4  5 |
---------------+----------------+-----
Fighting       | 1 2 |  2.4
Slings         | 4 |  4.8
Short Blades   | 1 2 |  2.6
Stealth        | 1 |  1.0
Dodging        | |  2.1
Spellcasting   | |  1.0
Hexes          | |  2.4

Action                   |  1- 3 |  4- 6 || total
-------------------------+-------+-------++-------
Melee: Unarmed           |    22 |       ||    22
       Club              |    57 |       ||    57
       Whip              |    30 |       ||    30
       Dagger            |    93 |     1 ||    94
       Short sword       |       |    54 ||    54
 Fire: Hunting sling     |    60 |    26 ||    86
  Use: Scroll            |       |     6 ||     6
 Stab: Distracted        |       |     1 ||     1
  Eat: Chunk             |     2 |     1 ||     3
       Meat ration       |     1 |       ||     1
Armor: Robe              |    19 |       ||    19
       Ring mail         |    37 |    28 ||    65
Dodge: Dodged            |   207 |    55 ||   262
